[ AOE2 MATCH · #507320762 ]
UnrankedMaya vs Maya
Player's team · LOSS
Rival team · WIN
[ REPLAY ANALYSIS · EXTRACTED FROM THE RECORDED GAME ]
Feudal
10:20
Castle
22:33
Imperial
42:33
| APM avg | 67.5 |
| APM peak | 133 |
| eAPM avg | 46.2 |
| Villagers / military | 157 / 219 |
Focus
⚔️ 67.3% · 🌾 32.7%
Skirmisher ×120 · Archer ×74 · Plumed Archer ×16 · Militia ×4 · Mangonel ×2 · Trebuchet (Packed) ×2
Feudal
9:35
Castle
21:50
Imperial
40:58
| APM avg | 63.4 |
| APM peak | 121 |
| eAPM avg | 27.3 |
| Villagers / military | 112 / 189 |
Focus
⚔️ 44.9% · 🌾 55.1%
Skirmisher ×94 · Archer ×90 · Trebuchet (Packed) ×4 · Mangonel ×1
Match map
Initial resources + every placement click. Lines = walls · curves = elevation contours. ◆ gold · ⬟ stone · ● berries · ✦ relic · ◌ wall gap
Your base· ✓ Closed at 22:33 · 44t walls · no gate
Nanobot's base· Open — opponent sealed themselves in
Smoothed initial terrain · ◌ = detected wall gap · hover for details
Inputs per minute
— KIV.YourAddHere - - Nanobot
Build order — KIV.YourAddHere
First 150 of 371 actions detected
| 0:02 | Research | Loom |
| 0:02 | Build | House |
| 0:04 | Build | House |
| 0:14 | Create | Villager (Male) ×3 |
| 0:14 | Create | Villager (Male) ×3 |
| 1:39 | Create | Villager (Male) |
| 1:39 | Create | Villager (Male) |
| 2:06 | Create | Villager (Male) |
| 2:19 | Build | Barracks |
| 2:33 | Create | Villager (Male) |
| 2:51 | Build | House |
| 3:10 | Create | Villager (Male) |
| 3:27 | Create | Villager (Male) |
| 3:27 | Create | Villager (Male) |
| 3:45 | Create | Villager (Male) |
| 3:46 | Create | Villager (Male) |
| 3:46 | Create | Villager (Male) |
| 3:53 | Create | Militia |
| 3:53 | Create | Militia |
| 4:09 | Create | Villager (Male) |
| 4:10 | Create | Villager (Male) |
| 4:27 | Create | Militia |
| 4:42 | Create | Villager (Male) |
| 4:43 | Create | Villager (Male) |
| 4:43 | Create | Villager (Male) |
| 5:02 | Create | Villager (Male) |
| 5:31 | Create | Villager (Male) |
| 5:31 | Create | Villager (Male) |
| 5:40 | Build | House |
| 6:09 | Create | Villager (Male) |
| 6:15 | Create | Militia |
| 6:25 | Build | House |
| 6:26 | Build | Palisade Wall |
| 6:40 | Create | Villager (Male) |
| 7:12 | Create | Villager (Male) |
| 7:15 | Build | Mill |
| 7:21 | Create | Villager (Male) |
| 8:10 | Research | Feudal Age |
| 8:29 | Build | Lumber Camp |
| 10:00 | Create | Villager (Male) |
| 10:20 | Age | Feudal Age |
| 10:27 | Build | Archery Range |
| 10:30 | Research | Double-Bit Axe |
| 10:38 | Create | Villager (Male) |
| 10:49 | Create | Villager (Male) |
| 10:58 | Build | Mining Camp |
| 11:07 | Build | House |
| 11:13 | Create | Skirmisher ×2 |
| 11:17 | Build | House |
| 11:21 | Build | Palisade Wall |
| 11:33 | Create | Villager (Male) |
| 11:44 | Create | Villager (Male) |
| 11:46 | Build | House |
| 11:57 | Create | Archer |
| 11:57 | Create | Archer |
| 12:08 | Create | Villager (Male) |
| 12:12 | Build | House |
| 12:15 | Build | Palisade Wall |
| 12:37 | Create | Villager (Male) |
| 12:50 | Create | Villager (Male) |
| 12:51 | Create | Skirmisher |
| 12:56 | Build | Farm |
| 12:57 | Research | Horse Collar |
| 13:13 | Create | Villager (Male) |
| 13:18 | Create | Villager (Male) |
| 13:22 | Build | Farm |
| 13:23 | Build | Farm |
| 13:24 | Create | Archer |
| 13:30 | Build | House |
| 13:41 | Create | Skirmisher |
| 13:58 | Build | Archery Range |
| 14:08 | Create | Villager (Male) |
| 14:11 | Create | Villager (Male) |
| 14:14 | Build | Farm |
| 14:34 | Create | Villager (Male) |
| 14:38 | Build | Blacksmith |
| 14:42 | Create | Villager (Male) |
| 14:44 | Create | Archer |
| 15:01 | Build | Farm |
| 15:13 | Create | Skirmisher |
| 15:15 | Create | Villager (Male) |
| 15:24 | Research | Fletching |
| 15:28 | Create | Archer |
| 15:28 | Create | Skirmisher |
| 15:33 | Build | House |
| 15:35 | Build | House |
| 15:36 | Build | Palisade Wall |
| 15:36 | Build | Palisade Wall |
| 15:46 | Create | Archer |
| 15:46 | Create | Skirmisher |
| 15:47 | Create | Villager (Male) |
| 15:54 | Build | Farm |
| 15:58 | Build | Farm |
| 16:17 | Create | Villager (Male) |
| 16:21 | Build | Farm |
| 16:36 | Create | Archer |
| 16:36 | Create | Skirmisher |
| 16:40 | Create | Villager (Male) |
| 16:59 | Create | Archer |
| 16:59 | Create | Skirmisher |
| 17:00 | Create | Villager (Male) |
| 17:20 | Create | Villager (Male) ×3 |
| 17:21 | Build | Farm |
| 17:24 | Build | Farm |
| 17:44 | Build | Lumber Camp |
| 17:55 | Create | Villager (Male) |
| 18:02 | Create | Villager (Male) |
| 18:05 | Research | Town Watch |
| 18:10 | Build | Farm |
| 18:23 | Research | Padded Archer Armor |
| 18:31 | Create | Archer |
| 18:31 | Create | Skirmisher |
| 18:32 | Create | Archer |
| 18:35 | Create | Villager (Male) |
| 18:37 | Build | Market |
| 18:43 | Build | House |
| 18:54 | Build | Palisade Wall |
| 18:57 | Build | Palisade Wall |
| 19:06 | Create | Archer |
| 19:07 | Create | Archer |
| 19:09 | Create | Villager (Male) |
| 19:12 | Build | Farm |
| 19:21 | Build | Farm |
| 19:31 | Build | Palisade Wall |
| 19:53 | Research | Castle Age |
| 19:56 | Create | Skirmisher |
| 19:56 | Create | Skirmisher |
| 20:07 | Build | House |
| 20:09 | Build | House |
| 20:20 | Research | Gold Mining |
| 20:24 | Create | Archer |
| 20:25 | Create | Archer |
| 20:47 | Build | House |
| 20:52 | Build | House |
| 20:58 | Create | Archer |
| 20:58 | Create | Archer |
| 21:06 | Create | Villager (Male) |
| 21:50 | Create | Archer |
| 21:51 | Create | Archer |
| 22:08 | Build | Mining Camp |
| 22:33 | Age | Castle Age |
| 22:36 | Research | Crossbowman (upgrade) |
| 22:37 | Research | Elite Skirmisher (upgrade) |
| 22:42 | Research | Bodkin Arrow |
| 23:07 | Create | Skirmisher |
| 23:08 | Create | Skirmisher |
| 23:11 | Build | Farm |
| 23:12 | Research | Bow Saw |
| 23:17 | Build | University |
| 23:24 | Build | House |
Build order — Nanobot
First 150 of 416 actions detected
| 0:00 | Research | Loom |
| 0:01 | Create | Villager (Male) |
| 0:01 | Create | Villager (Male) |
| 0:01 | Create | Villager (Male) |
| 0:03 | Build | House |
| 0:04 | Build | House |
| 1:34 | Create | Villager (Male) |
| 1:34 | Create | Villager (Male) |
| 1:34 | Create | Villager (Male) |
| 1:44 | Build | Mill |
| 2:06 | Create | Villager (Male) |
| 2:07 | Create | Villager (Male) |
| 2:21 | Create | Villager (Male) |
| 2:22 | Create | Villager (Male) |
| 2:53 | Create | Villager (Male) |
| 2:54 | Create | Villager (Male) |
| 3:20 | Create | Villager (Male) |
| 3:21 | Create | Villager (Male) |
| 3:21 | Create | Villager (Male) |
| 3:51 | Create | Villager (Male) |
| 3:51 | Create | Villager (Male) |
| 4:05 | Build | House |
| 4:11 | Create | Villager (Male) |
| 4:12 | Create | Villager (Male) |
| 4:21 | Create | Villager (Male) |
| 4:21 | Create | Villager (Male) |
| 4:22 | Create | Villager (Male) |
| 4:41 | Create | Villager (Male) |
| 4:41 | Create | Villager (Male) |
| 4:41 | Create | Villager (Male) |
| 5:06 | Build | Lumber Camp |
| 5:15 | Create | Villager (Male) |
| 5:16 | Create | Villager (Male) |
| 5:33 | Build | House |
| 5:35 | Build | Palisade Wall |
| 5:38 | Create | Villager (Male) |
| 5:47 | Create | Villager (Male) |
| 6:39 | Create | Villager (Male) |
| 7:18 | Build | Barracks |
| 7:25 | Research | Feudal Age |
| 7:38 | Build | Palisade Wall |
| 8:11 | Create | Villager (Male) |
| 9:02 | Create | Villager (Male) |
| 9:35 | Age | Feudal Age |
| 9:36 | Build | Archery Range |
| 9:37 | Create | Villager (Male) |
| 9:43 | Build | Mining Camp |
| 9:49 | Research | Double-Bit Axe |
| 10:18 | Create | Archer |
| 10:19 | Create | Archer |
| 10:23 | Build | Mill |
| 10:28 | Create | Villager (Male) |
| 10:31 | Build | House |
| 10:41 | Create | Villager (Male) |
| 11:04 | Create | Archer |
| 11:09 | Create | Villager (Male) |
| 11:20 | Create | Villager (Male) |
| 11:25 | Build | Blacksmith |
| 11:30 | Build | House |
| 11:31 | Create | Archer |
| 11:48 | Create | Archer |
| 11:53 | Create | Villager (Male) |
| 12:13 | Create | Villager (Male) |
| 12:14 | Create | Archer |
| 12:31 | Create | Villager (Male) |
| 13:03 | Create | Villager (Male) |
| 13:08 | Build | Archery Range |
| 13:12 | Create | Villager (Male) |
| 13:16 | Research | Fletching |
| 13:23 | Build | Farm |
| 13:23 | Build | Farm |
| 13:24 | Build | Farm |
| 13:34 | Create | Archer |
| 13:35 | Create | Villager (Male) |
| 13:40 | Build | House |
| 13:41 | Build | House |
| 13:56 | Create | Archer |
| 14:00 | Build | House |
| 14:02 | Build | House |
| 14:10 | Create | Villager (Male) |
| 14:13 | Build | Farm |
| 14:15 | Create | Archer |
| 14:18 | Build | House |
| 14:34 | Create | Archer |
| 14:36 | Create | Villager (Male) |
| 14:46 | Build | Farm |
| 14:58 | Create | Archer |
| 15:08 | Research | Padded Archer Armor |
| 15:11 | Build | Farm |
| 15:13 | Build | House |
| 15:18 | Create | Villager (Male) |
| 15:19 | Create | Villager (Male) |
| 15:19 | Create | Archer |
| 15:20 | Create | Archer |
| 15:28 | Build | Farm |
| 15:30 | Build | Farm |
| 15:36 | Build | Farm |
| 15:37 | Create | Archer |
| 15:48 | Create | Villager (Male) |
| 15:49 | Create | Archer |
| 15:54 | Build | House |
| 16:22 | Create | Archer |
| 16:23 | Create | Villager (Male) |
| 16:23 | Create | Villager (Male) |
| 16:26 | Build | Farm |
| 16:56 | Create | Archer |
| 16:56 | Create | Archer |
| 17:14 | Create | Villager (Male) |
| 17:18 | Build | Market |
| 17:21 | Build | Farm |
| 17:23 | Create | Archer |
| 17:33 | Create | Archer |
| 17:34 | Create | Villager (Male) |
| 17:43 | Create | Archer |
| 17:56 | Create | Archer |
| 18:09 | Create | Villager (Male) |
| 18:41 | Create | Archer |
| 18:44 | Create | Villager (Male) |
| 18:50 | Build | House |
| 18:51 | Build | Palisade Wall |
| 19:10 | Research | Castle Age |
| 19:10 | Research | Castle Age |
| 19:24 | Build | Archery Range |
| 19:45 | Create | Archer |
| 19:46 | Create | Archer |
| 19:59 | Create | Villager (Male) |
| 20:07 | Research | Gold Mining |
| 20:19 | Create | Archer |
| 20:19 | Create | Archer |
| 20:20 | Create | Archer |
| 20:38 | Create | Archer |
| 20:45 | Research | Horse Collar |
| 21:48 | Create | Archer |
| 21:48 | Create | Archer |
| 21:50 | Age | Castle Age |
| 21:51 | Research | Bodkin Arrow |
| 21:52 | Research | Crossbowman (upgrade) |
| 21:58 | Create | Archer |
| 22:01 | Create | Villager (Male) |
| 22:02 | Create | Archer |
| 22:04 | Build | University |
| 22:09 | Create | Archer |
| 22:33 | Create | Archer |
| 22:34 | Create | Villager (Male) |
| 23:04 | Create | Archer |
| 23:21 | Research | Ballistics |
| 23:32 | Create | Archer |
| 23:32 | Create | Archer |
| 23:49 | Create | Villager (Male) |
| 23:50 | Create | Archer |
Match timeline
| 2:19 | KIV.YourAddHere · first_building Barracks |
| 5:35 | Nanobot · wall_segment Palisade Wall x3 |
| 6:26 | KIV.YourAddHere · wall_segment Palisade Wall x1 |
| 7:18 | Nanobot · first_building Barracks |
| 7:38 | Nanobot · wall_segment Palisade Wall x7 |
| 9:35 | Nanobot · age_up feudal |
| 9:36 | Nanobot · first_building Archery Range |
| 10:20 | KIV.YourAddHere · age_up feudal |
| 10:27 | KIV.YourAddHere · first_building Archery Range |
| 11:21 | KIV.YourAddHere · wall_segment Palisade Wall x6 |
| 12:15 | KIV.YourAddHere · wall_segment Palisade Wall x7 |
| 15:36 | KIV.YourAddHere · wall_segment Palisade Wall x1 |
| 15:36 | KIV.YourAddHere · wall_segment Palisade Wall x1 |
| 18:31 | Nanobot · first_market_sell 100 stone |
| 18:32 | Nanobot · first_market_buy 100 food |
| 18:51 | Nanobot · wall_segment Palisade Wall x20 |
| 18:54 | KIV.YourAddHere · wall_segment Palisade Wall x8 |
| 18:57 | KIV.YourAddHere · wall_segment Palisade Wall x12 |
| 19:31 | KIV.YourAddHere · wall_segment Palisade Wall x9 |
| 19:36 | KIV.YourAddHere · first_market_sell 500 stone |
| 19:36 | KIV.YourAddHere · first_market_buy 100 food |
| 21:50 | Nanobot · age_up castle |
| 22:33 | KIV.YourAddHere · age_up castle |
| 32:53 | Nanobot · first_building Siege Workshop |
| 34:52 | KIV.YourAddHere · first_building Castle |
| 36:33 | KIV.YourAddHere · first_building Siege Workshop |
| 38:12 | Nanobot · first_building Castle |
| 40:58 | Nanobot · age_up imperial |
| 42:33 | KIV.YourAddHere · age_up imperial |
| 49:26 | KIV.YourAddHere · resign |
[ AI ANALYSIS · 1 CREDIT ]
What really happened in this match?
Wolo.gg analyzes every decision: build order, eco, micro, common mistakes by bracket. Personalized analysis on WhatsApp or Discord in 30 seconds.
Civ guide
Maya
Perfil
Jugador #389780